Map: Ever Dream LE

Players

Scarlett - Winner!

  • Race: Zerg Zerg
  • Spawn Location: 1:00

FireFoX

  • Race: Zerg Zerg
  • Spawn Location: 7:00

Event: DreamHack SC2 Masters 2020 Summer North America

VOD

Have the link to the VOD?

Description

Time

  • Played on: July 4, 2020, 3:18 p.m.
  • Length: 6:34

All games in this series

Show
View Real Time Build Order
Export as new Build Order

Scarlett Zerg - Winner!

Build Orders: Pool First 

Get SALT Encoding   

  12  0:01  Drone  
  13  0:12  Overlord  
  13  0:17  Drone  
  14  0:30  Drone x2  
  16  0:40  Spawning Pool  
  15  0:46  Drone  
  15  0:48  Drone  
  17  1:07  Hatchery  
  17  1:11  Drone  
  17  1:27  Zergling x4, Queen  
  17  1:30  Zergling x2  
  22  1:39  Overlord  
  22  1:44  Extractor  
  21  1:52  Spine Crawler  
  20  2:02  Queen  
  20  2:03  Drone  
  23  2:10  Zergling x2  
  24  2:16  Zergling x2  
  24  2:19  Queen  
  27  2:32  Zergling x2  
  27  2:33  Zergling x2  
  29  2:40  Drone x4  
  32  2:51  Drone  
  30  3:01  Drone x2  
  30  3:12  Drone x2  
  32  3:19  Drone x2  
  34  3:22  Metabolic Boost  
  34  3:27  Overlord  
  34  3:34  Drone  
  34  3:36  Drone  
  36  3:46  Drone x5  
  41  3:52  Overlord  
  41  3:53  Drone  
  41  3:55  Drone  
  43  4:00  Evolution Chamber, Drone  
  43  4:01  Drone  
  44  4:10  Overlord  
  44  4:11  Drone x2  
  44  4:12  Drone  
  44  4:14  Drone  
  48  4:21  Roach Warren  
  47  4:24  Extractor  
  47  4:25  Extractor  
  47  4:26  Drone x3  
  47  4:30  Zerg Missile Weapons Level 1  
  48  4:35  Drone x2  
  48  4:36  Drone  
  51  4:40  Lair  
  51  4:43  Overlord  
  51  4:49  Overlord  
  51  4:58  Overlord  
  50  5:01  Roach x5  
  50  5:05  Roach  
  60  5:14  Roach x4  
  68  5:23  Roach x2  
  76  5:28  Roach x2  
  76  5:32  Overlord  
  76  5:41  Roach x3  
  76  5:42  Overlord x2  
  82  5:46  Overlord  
  82  5:53  Roach x2, Spine Crawler  
  85  5:58  Roach  
  85  6:01  Roach x2  
  91  6:05  Roach  
  91  6:08  Roach  
  91  6:11  Roach  
Show
View Real Time Build Order
Export as new Build Order

FireFoX Zerg 

Build Orders: 1 Base Baneling Bust, Pool First 

Get SALT Encoding   

  12  0:01  Drone  
  13  0:08  Drone  
  14  0:15  Extractor  
  14  0:17  Drone  
  14  0:32  Spawning Pool  
  13  0:36  Drone  
  14  0:44  Overlord  
  14  1:19  Metabolic Boost, Zergling x6  
  17  1:30  Zergling x2  
  18  1:36  Baneling Nest  
  17  1:42  Zergling x2  
  18  1:52  Zergling x2  
  19  2:02  Hatchery  
  19  2:03  Zergling x2  
  19  2:15  Zergling x2  
  20  2:20  Baneling x2  
  20  2:29  Baneling  
  20  2:31  Queen  
  18  2:52  Drone x3  
  20  3:04  Drone  
  19  3:09  Queen  
  21  3:14  Zergling x4  
  22  3:20  Queen  
  22  3:25  Drone  
  25  3:33  Drone  
  26  3:34  Baneling  
  26  3:37  Overlord  
  26  3:46  Drone  
  27  3:53  Overlord  
  27  3:59  Roach Warren  
  26  4:22  Overlord  
  26  4:40  Roach x4  
  26  4:41  Roach  
  26  4:43  Zergling x4  
  38  4:53  Roach x2  
  40  5:01  Zergling x2  
  41  5:09  Roach  
  40  5:24  Zergling x2  
  40  5:25  Zergling x8  
  44  5:36  Zergling x4  
  44  5:38  Zergling x2  
  47  5:52  Overlord  
  47  5:55  Baneling  
  47  5:56  Baneling x5  
  47  5:57  Baneling  
  47  6:01  Baneling  
  47  6:12  Zergling x8  
Tags
 
Add a new tag
Caveats
  • Supply blocks, unpowered buildings, or Contaminate may cause inaccurate times.
  • Supply counts are checked every 10 seconds.